 Dungeon Crawl Stone Soup version 0.29-a0-789-g7a8fcbc185 (webtiles) character file.

Game seed: 17134165437548974759

786 purpskrrrp the Shooter (level 7, 0/84 HPs)
             Began as a Demigod Wanderer on July 2, 2022.
             Succumbed to Sigmund's poison
             ... on level 5 of the Dungeon.
             The game lasted 00:28:27 (5507 turns).

purpskrrrp the Shooter (Demigod Wanderer)           Turns: 5507, Time: 00:28:36

Health: 0/84       AC:  8    Str: 21    XL:     7   Next: 30%
Magic:  11/11      EV: 11    Int: 14    God:
Gold:   151        SH:  0    Dex: 17    Spells: 4/8 levels left

rFire   + + .      SeeInvis .   c - +0 dagger
rCold   x . .      Faith    .   h - orb {*Rage}
rNeg    . . .      Spirit   .   n - +0 ring mail {rF+}
rPois   .          Reflect  .   (no helmet)
rElec   .          Harm     .   (no cloak)
rCorr   .          Rampage  .   q - +0 pair of gloves
Will    .....      Rage     20% r - +0 pair of boots of Noon {Str+4}
Stlth   ..........              (no amulet)
HPRegen 0.24/turn               l - ring of fire
MPRegen 0.12/turn               (no ring)

@: berserking, lethally poisoned (0 -> -11), very quick
A: high MP 1, forlorn, divine attributes
a: no special abilities


You were on level 5 of the Dungeon.
You visited 1 branch of the dungeon, and saw 6 of its levels.

You collected 151 gold pieces.

Inventory:

Hand Weapons
 a - a +2 sling
 c - a +0 dagger (weapon)
Missiles
 b - 7 boomerangs (quivered)
 o - 5 poisoned darts
Armour
 e - a +0 robe
 f - a +0 pair of boots
 h - an orb of wrath (worn)
 n - a +0 ring mail of fire resistance (worn)
 q - a +0 pair of gloves (worn)
 r - the +0 pair of boots of Noon (worn) {Str+4}
   (You found it on level 5 of the Dungeon)

   Str:       It affects your strength (+4).
Jewellery
 l - a ring of fire (left hand)
Potions
 d - a potion of might {unknown}
 g - a potion of degeneration {unknown}
 i - a potion of invisibility {unknown}
 k - a potion of berserk rage {unknown}
 m - a potion of flight {unknown}
 p - 2 potions of magic {unknown}
 t - a potion of mutation {unknown}


   Skills:
 + Level 2.9 Fighting
 * Level 1.9 Short Blades
 * Level 6.1 Ranged Weapons
 + Level 2.0 Throwing
 + Level 3.4 Armour
 + Level 1.3 Dodging
 * Level 1.6 Stealth
 + Level 1.0 Spellcasting
 + Level 1.0 Earth Magic
 + Level 1.2 Evocations


You had 4 spell levels left.
You knew the following spells:

 Your Spells              Type           Power      Damage    Failure   Level
a - Sandblast             Erth           6%         2d5       28%         1
b - Stone Arrow           Conj/Erth      4%         3d7       71%         3

Your spell library contained the following spells:

 Spells                   Type           Power      Damage    Failure   Level
 Shock                    Conj/Air       0%         1d3       38%         1
 Confusing Touch          Hex            0%         N/A       77%         3
 Gell's Gravitas          Tloc           0%         N/A       77%         3
 Lesser Beckoning         Tloc           0%         N/A       77%         3
 Summon Guardian Golem    Hex/Summ       0%         N/A       77%         3
 Teleport Other           Tloc           0%         N/A       77%         3
 Enfeeble                 Hex            0%         N/A       100%        7


Dungeon Overview and Level Annotations

Branches:
Dungeon (6/15)
 Temple: D:4-7


Innate Abilities, Weirdness & Mutations

You have an increased reservoir of magic. (+10% MP)
You shall have no god before yourself.
Your divine heritage dramatically boosts your attributes as you level up.


Message History

Sigmund is moderately wounded.
You feel sick.
Hit: c) +0 dagger
Press: ? - help, Dir - move target, f/p - Sigmund
Aim: Sigmund, wielding a +1 scythe of venom and wearing a +2 robe of positive energy (moderately wounded, about 38% to evade your +0 dagger)
You hit Sigmund.
Sigmund is heavily wounded.
You feel sick.
Hit: c) +0 dagger
Press: ? - help, Dir - move target, f/p - Sigmund
Aim: Sigmund, wielding a +1 scythe of venom and wearing a +2 robe of positive energy (heavily wounded, about 38% to evade your +0 dagger)
You closely miss Sigmund.
Sigmund is heavily wounded.
Sigmund hits you with a +1 scythe of venom.
* * * LOW HITPOINT WARNING * * *
You are lethally poisoned!
Hit: c) +0 dagger
Press: ? - help, Dir - move target, f/p - Sigmund
Aim: Sigmund, wielding a +1 scythe of venom and wearing a +2 robe of positive energy (heavily wounded, about 38% to evade your +0 dagger)
You hit Sigmund.
Sigmund is severely wounded.
* * * LOW HITPOINT WARNING * * *
You feel very sick.
You are too berserk!
You are too berserk!
Hit: c) +0 dagger
Press: ? - help, Dir - move target, f/p - Sigmund
Aim: Sigmund, wielding a +1 scythe of venom and wearing a +2 robe of positive energy (severely wounded, about 38% to evade your +0 dagger)
You hit Sigmund.
Sigmund is almost dead.
* * * LOW HITPOINT WARNING * * *
You feel sick. Sigmund casts a spell at you.
You easily resist.
Hit: c) +0 dagger
Press: ? - help, Dir - move target, f/p - Sigmund
Aim: Sigmund, wielding a +1 scythe of venom and wearing a +2 robe of positive energy (almost dead, about 38% to evade your +0 dagger)
You hit Sigmund.
You kill Sigmund!
You die...

#............#######...#
........>..............######
#.#........#.#######........#
#....###.#.#.# #........#
###..<.....#.# #........# #
#........#.# #........# #
#.#......#.#######........# #
#.##.....#.##..).#........##### #
#.......#.##.#@).###........... #
###.......##.....# #........... #
#.##.###..##...# #...........
#####.#...##.>##...# #......####.
....#.#..#..##.....# ###.........
..[.#.#..##.##.#...#####.........
....#.#..........................
......######.#.....#####.........
......# #.#.....# #.........


There were no monsters in sight!

Vanquished Creatures
  Sigmund (D:5)
  A black bear (D:4)
  2 ogres (D:5)
  A phantom (D:5)
  A necrophage (D:5)
  2 hounds
  An orc priest (D:5)
  Ijyb (D:4)
  2 orc wizards
  3 iguanas
  4 gnolls (D:5)
  3 adders
  A shadow imp (D:5)
  A white imp (D:5)
  A worm (D:4)
  7 orcs
  10 ball pythons
  4 endoplasms
  A giant cockroach (D:1)
  2 hobgoblins
  3 jackals (D:2)
  4 quokkas
  3 bats
  2 frilled lizards
  9 goblins
  4 kobolds
  9 rats
83 creatures vanquished.

Vanquished Creatures (others)
  2 plants (D:4)
2 creatures vanquished.

Grand Total: 85 creatures vanquished

Notes
Turn   | Place    | Note
-------+----------+-------------------------------------------
     0 | D:1      | purpskrrrp the Demigod Wanderer began the quest for the
                  | Orb.
     0 | D:1      | purpskrrrp set off with the following items: a +2 sling, 8
                  | boomerangs, a +0 dagger, a scroll of fog, a +0 robe; and
                  | the following spell memorised: Sandblast; and the following
                  | spells available to memorise: Stone Arrow.
     0 | D:1      | Reached XP level 1. HP: 14/14 MP: 4/4
   465 | D:1      | Reached skill level 4 in Ranged Weapons
   540 | D:1      | Reached XP level 2. HP: 20/20 MP: 5/5
  1579 | D:2      | Reached XP level 3. HP: 27/27 MP: 6/6
  1583 | D:2      | Learned a level 3 spell: Stone Arrow
  2653 | D:4      | Reached skill level 1 in Fighting
  2656 | D:4      | Reached XP level 4. HP: 20/35 MP: 8/8
  2901 | D:4      | Reached skill level 5 in Ranged Weapons
  3126 | D:4      | Noticed a black bear
  3137 | D:4      | Noticed Ijyb
  3138 | D:4      | Killed a black bear
  3139 | D:4      | Reached XP level 5. HP: 29/41 MP: 9/9
  3157 | D:4      | Killed Ijyb
  3457 | D:4      | Got the Reference Book on Enchanting Feathers
  3890 | D:5      | Entered Level 5 of the Dungeon
  3909 | D:5      | Reached XP level 6. HP: 50/50 MP: 10/10
  3916 | D:5      | Reached skill level 1 in Stealth
  4105 | D:5      | Reached skill level 1 in Dodging
  4585 | D:5      | Reached skill level 1 in Short Blades
  4697 | D:5      | Noticed Sigmund
  5123 | D:5      | Reached XP level 7. HP: 56/56 MP: 11/11
  5227 | D:5      | Reached skill level 6 in Ranged Weapons
  5269 | D:5      | Identified the +0 pair of boots of Noon {Str+4}
  5505 | D:5      | HP: 3/84 [poisoned by Sigmund]
  5507 | D:5      | Killed Sigmund
  5507 | D:5      | Succumbed to Sigmund's poison

Illustrated notes

Levels and vault maps discovered:
D:1:      nzn_arrival_water_spiral, layout_basic, minmay_pentomino_u4
D:2:      layout_loops_cross, solitary_fountain, minmay_misc_feat_square,
          amcnicky_mini_pool_small, minivault_25
D:3:      layout_basic, shapermc_ecumenical_altar_petra
D:4:      layout_basic, fedhas_altar_3, uniq_ijyb
D:5:      layout_basic, st_stairs_7, uniq_menkaure, uniq_sigmund
D:6:      layout_basic, grunt_temple_overflow_lords_of_destruction, temple_hall,
          ebering_ghost_sewer_d, wad_floor_pattern_1, amethyst_killhole,
          nicolae_specific_store, uniq_pikel

Skill      XL: |  1  2  3  4  5  6  7 |
---------------+----------------------+-----
Ranged Weapons | 4 5 6 |  6.1
Fighting       | 1 2 |  2.9
Armour         | 2 3 |  3.4
Stealth        | 1 |  1.6
Dodging        | 1 |  1.3
Short Blades   | 1 |  1.9
Throwing       | 2 |  2.0
Spellcasting   | |  1.0
Earth Magic    | |  1.0
Evocations     | |  1.2

Action                   |  1- 3 |  4- 6 |  7- 9 || total
-------------------------+-------+-------+-------++-------
Melee: Dagger            |       |   140 |    43 ||   183
 Fire: Sling             |   138 |    65 |     2 ||   205
Throw: Throwing net      |       |     2 |     1 ||     3
       Boomerang         |       |    11 |     4 ||    15
Evoke: Wand              |       |     7 |       ||     7
  Use: Scroll            |     5 |     2 |       ||     7
       Potion            |       |     3 |       ||     3
Armor: Robe              |    17 |       |       ||    17
       Ring mail         |     6 |    84 |     3 ||    93
Dodge: Dodged            |    34 |    85 |    14 ||   133

Table legend: (Time is in decaauts)
 A = Elapsed time spent in this place.
 B = Non-inter-level travel time spent in this place.
 C = Inter-level travel time spent in this place.
 D = Time resting spent in this place.
 E = Time spent auto-exploring this place.
 F = Levels seen in this place.
 G = Mean time per level.
                   A        B        C        D        E       F      G
               +--------+--------+--------+--------+--------+-----+--------+
         Total |   5670 |   5445 |    225 |   1362 |   3202 |   6 |  945.0 |
       Dungeon |   5670 |   5445 |    225 |   1362 |   3202 |   6 |  945.0 |
               +--------+--------+--------+--------+--------+-----+--------+

Top non-repeatable levels by time:
     D:5: 1347 daAuts
     D:4: 1302 daAuts
     D:1: 1192 daAuts
     D:2: 812 daAuts
     D:3: 648 daAuts
     D:6: 367 daAuts
